 Dungeon Crawl Stone Soup version 0.19.0-9-gfd783f2 (webtiles) character file.

20617 MDvedh the Cruncher (level 12, -5/63 HPs)
             Began as a Vine Stalker Gladiator on Nov 7, 2016.
             Was an Elder of Uskayaw.
             Slain by an eight-headed hydra (8 damage)
             ... on level 4 of the Lair of Beasts.
             The game lasted 00:21:39 (12481 turns).

MDvedh the Cruncher (Vine Stalker Gladiator)       Turns: 12481, Time: 00:21:40

Health: -5/63      AC: 20    Str: 29    XL:     12   Next: 81%
Magic:  0/16       EV: 11    Int:  8    God:    Uskayaw [****..]
Gold:   733        SH:  0    Dex: 12    Spells: 0 memorised, 11 levels left

rFire  . . .     SeeInvis .     a - +1 quarterstaff
rCold  . . .     Gourm    .     Q - +0 plate armour
rNeg   . . .     Faith    .     (shield currently unavailable)
rPois  +         Spirit   +     c - +1 helmet
rElec  .         Reflect  .     s - +0 cloak
rCorr  .         Harm     .     (no gloves)
MR     ++...                    L - +2 pair of boots
Stlth  ..........               u - amulet of regeneration
                                Y - ring of protection from magic
                                K - ring of poison resistance

@: mighty
A: fangs 3, clumsy 1, regeneration 2, magic shield, antimagic bite, no device
heal 3, rot immunity
a: Stomp, Line Pass, Renounce Religion


You were on level 4 of the Lair of Beasts.
You worshipped Uskayaw.
Uskayaw was noncommittal.
You were hungry.

You visited 2 branches of the dungeon, and saw 14 of its levels.
You also visited: Ossuary.

You collected 733 gold pieces.

Inventory:

Hand Weapons
 a - a +1 quarterstaff (weapon)
 o - the +7 lajatang of Order {silver, rMut}
   (You found it on level 3 of the Lair of Beasts)

   It protects you from mutation.
Missiles
 d - 7 throwing nets (quivered)
Armour
 c - a +1 helmet (worn)
 s - a +0 cloak (worn)
 L - a +2 pair of boots (worn)
 Q - a +0 plate armour (worn)
Jewellery
 t - an uncursed ring of fire
 u - an amulet of regeneration (around neck)
 K - a ring of poison resistance (left hand)
 Y - a ring of protection from magic (right hand)
Wands
 g - a wand of iceblast (7/15)
 V - a wand of lightning (9/15)
Scrolls
 e - 5 scrolls of immolation
 k - 6 scrolls of fear
 l - 7 scrolls of teleportation
 n - 11 scrolls of remove curse
 q - a scroll of fog
 v - a scroll of enchant armour
 H - 4 scrolls of magic mapping
 J - a scroll of recharging
 N - a scroll of amnesia
 W - a scroll of enchant weapon
Potions
 b - 4 potions of berserk rage
 h - 2 potions of brilliance {unknown}
 i - 5 potions of might
 j - 2 potions of lignification
 m - 5 potions of curing
 w - a potion of magic {unknown}
 x - 2 potions of agility {unknown}
 z - 4 potions of flight {unknown}
 A - 3 potions of degeneration {unknown}
 B - 2 potions of heal wounds {unknown}
 C - a potion of mutation {unknown}
 E - 2 potions of haste {unknown}
 F - 2 potions of ambrosia {unknown}
Comestibles
 f - 8 bread rations
 p - 16 fruits
 r - 4 meat rations
 G - 2 slices of pizza
 P - 2 beef jerkies


   Skills:
 + Level 7.3 Fighting
 + Level 13.6 Staves
 - Level 1.7 Throwing
 + Level 6.9 Armour
 + Level 7.0 Dodging
 + Level 4.9 Invocations


You had 11 spell levels left.
You didn't know any spells.

Dungeon Overview and Level Annotations

Branches:
Dungeon (10/15)            Temple (0/1) D:6            Lair (4/6) D:8
  Swamp (0/4) Lair:4       Spider (0/4) Lair:2
    Orc: D:9-12

Altars:
Ashenzari
Cheibriados
Dithmenos
Kikubaaqudgha
Makhleb
Qazlal
Sif Muna
Uskayaw
Vehumet
Xom
Yredelemnul
The Shining One

Shops:
D:5 %[[[?   D:6 [

Annotations:
D:9 MDvedh's ghost, journeyman HuBe


Innate Abilities, Weirdness & Mutations

You have razor-sharp teeth.
You heal very quickly.
When hurt, damage is shared between your health and your magic reserves.
Your bite disrupts and absorbs the magic of your enemies.
Potions and wands cannot restore your health.
You are immune to rotting.
You are clumsy. (Dex -2)


Message History

The eight-headed hydra is heavily wounded.
The eight-headed hydra bites you. x2; The eight-headed hydra bites you! x2
The eight-headed hydra bites you but does no damage. x2
The eight-headed hydra bites you. The eight-headed hydra bites you!
* * * LOW HITPOINT WARNING * * *
Uskayaw will force your foes to share their pain.
Uskayaw links your audience in an emotional bond!
You bludgeon the eight-headed hydra!!
You kill the porcupine!
The eight-headed hydra is almost dead.
The eight-headed hydra bites you but does no damage.
The eight-headed hydra bites you.
* * * LOW HITPOINT WARNING * * *
The eight-headed hydra bites you but does no damage.
The eight-headed hydra bites you.
* * * LOW HITPOINT WARNING * * *
The eight-headed hydra bites you!
* * * LOW HITPOINT WARNING * * *
The eight-headed hydra misses you. The eight-headed hydra bites you!
You die...

.##.P§>§§...####
.............
...§§§§.§§.....#
###......P...
#.#P#.........##
##..##.##..
######.........# ###
#.P..# #........##
###...## ##..§.....#
######....## ##......##
#...#..#..# #....P...###
###.......##
#######..†@###........##
###.D##...P.#...#
##†..D....#####
#.............#
#....P........PP
#.....##.........
##.....#.........
#......#..#..... .....#.
.)...#.


You could see an eight-headed hydra.

Vanquished Creatures
  A hydra (Lair:4)
  4 elephants
  5 spiny frogs
  2 black mambas
  A rime drake (Lair:3)
  6 komodo dragons
  A troll (D:9)
  3 jumping spiders (Lair:2)
  Grinder (D:5)
  A slime creature (Lair:3)
  7 blink frogs (Lair:4)
  6 hippogriffs
  A redback (Lair:2)
  A wyvern (D:9)
  A wraith (Ossuary)
  16 yaks
  A hungry ghost (D:10)
  Menkaure (D:5)
  2 steam dragons
  Edmund (D:4)
  9 water moccasins
  Duvessa (D:5)
  2 orc warriors
  5 porcupines
  4 ice beasts
  A sky beast (D:6)
  A black bear (Lair:2)
  7 ogres
  2 necrophages
  4 wolves (Lair:3)
  5 centaurs
  8 crocodiles
  9 bullfrogs
  Dowan (D:5)
  2 scorpions (D:8)
  A water moccasin skeleton (D:7)
  3 killer bees (D:10)
  5 electric eels
  9 wights
  4 howler monkeys
  10 jellies
  2 bullfrog zombies
  4 crimson imps
  4 hounds
  A centaur skeleton (D:10)
  2 gnoll shamans
  5 orc priests
  8 iguanas
  A bullfrog skeleton (D:6)
  6 orc wizards
  4 worker ants
  2 hound zombies
  A hound skeleton (D:8)
  A mummy (Ossuary)
  3 worker ant zombies
  10 adders
  9 gnolls
  A shadow imp (D:6)
  14 oozes
  2 adder zombies
  2 adder skeletons
  A worm (D:2)
  3 dart slugs
  7 leopard geckos
  21 orcs
  7 bats
  17 giant cockroaches
  3 goblins
  12 hobgoblins
  11 jackals
  2 kobolds
  5 quokkas
  3 ball pythons
  5 frilled lizards
  5 gnoll skeletons (Ossuary)
  7 kobold skeletons (Ossuary)
  2 leopard gecko skeletons
  A leopard gecko zombie (D:6)
  13 orc skeletons (Ossuary)
  A quokka skeleton (D:7)
  4 rats
367 creatures vanquished.

Vanquished Creatures (collateral kills)
  A centaur skeleton (D:4)
1 creature vanquished.

Vanquished Creatures (others)
  6 fungi
6 creatures vanquished.

Grand Total: 374 creatures vanquished

Notes
Turn   | Place    | Note
-------+----------+-------------------------------------------
     0 | D:1      | MDvedh the Vine Stalker Gladiator began the quest for the Orb.
     0 | D:1      | Reached XP level 1. HP: 11/11 MP: 2/2
   310 | D:1      | Reached skill level 3 in Staves
   319 | D:1      | Reached XP level 2. HP: 11/15 MP: 3/3
   493 | D:1      | Reached XP level 3. HP: 17/18 MP: 4/4
   810 | D:2      | Found a deep blue altar of Sif Muna.
   832 | D:2      | Reached skill level 4 in Staves
  1050 | D:2      | Gained mutation: Your natural rate of healing is unusually fast. [Vine Stalker growth]
  1050 | D:2      | Reached XP level 4. HP: 14/23 MP: 5/5
  1472 | D:3      | Reached skill level 5 in Staves
  1617 | D:3      | Reached XP level 5. HP: 26/26 MP: 6/6
  2120 | D:4      | Noticed an ogre
  2172 | D:4      | Killed an ogre
  2172 | D:4      | Reached skill level 6 in Staves
  2172 | D:4      | Reached XP level 6. HP: 19/30 MP: 7/7
  2267 | D:4      | Found a sand-covered staircase.
  2283 | Ossuary  | Entered an ossuary
  2283 | Ossuary  | Noticed a wraith
  2283 | Ossuary  | Noticed a wraith
  2283 | Ossuary  | Noticed a wraith
  2335 | Ossuary  | Noticed a wraith
  2348 | Ossuary  | Killed a wraith
  2348 | Ossuary  | Reached skill level 7 in Staves
  2348 | Ossuary  | Reached XP level 7. HP: 20/34 MP: 8/8
  2923 | D:4      | Reached skill level 8 in Staves
  3210 | D:5      | Entered Level 5 of the Dungeon
  3262 | D:5      | Found Isoymux's Armour Boutique.
  3266 | D:5      | Noticed Grinder
  3280 | D:5      | Killed Grinder
  3280 | D:5      | Gained mutation: You have razor-sharp teeth. [Vine Stalker growth]
  3280 | D:5      | Reached XP level 8. HP: 38/38 MP: 9/9
  3290 | D:5      | Found Rinusk's Armour Emporium.
  3345 | D:5      | Found Zinuasab's Food Emporium.
  3384 | D:5      | Noticed Menkaure
  3386 | D:5      | Noticed Edmund
  3418 | D:4      | Killed Edmund
  3418 | D:4      | Reached skill level 9 in Staves
  3455 | D:5      | Killed Menkaure
  3678 | D:5      | Found Pokhopn's Armour Boutique.
  3678 | D:5      | Noticed Dowan
  3691 | D:5      | Noticed Duvessa
  3703 | D:5      | Killed Duvessa
  3705 | D:5      | Killed Dowan
  3809 | D:5      | Found Goruhih's Magic Scroll Shop.
  4006 | D:6      | Found Nesk's Antique Armour Shoppe.
  4196 | D:6      | Found a staircase to the Ecumenical Temple.
  4210 | D:6      | Found a hide-covered altar of Uskayaw.
  4212 | D:6      | Reached skill level 10 in Staves
  4214 | D:6      | Found a shadowy altar of Dithmenos.
  4219 | D:6      | Found a shattered altar of Ashenzari.
  4219 | D:6      | Found a burning altar of Makhleb.
  4220 | D:6      | Found a glowing golden altar of the Shining One.
  4220 | D:6      | Found a radiant altar of Vehumet.
  4220 | D:6      | Found a basalt altar of Yredelemnul.
  4220 | D:6      | Found a snail-covered altar of Cheibriados.
  4225 | D:6      | Became a worshipper of Uskayaw the Reveler
  4268 | D:6      | Reached * piety under Uskayaw
  4288 | D:6      | Reached ** piety under Uskayaw
  4388 | D:6      | Found a glowing golden altar of the Shining One.
  4406 | D:6      | Found a shimmering altar of Xom.
  4423 | D:6      | Reached XP level 9. HP: 42/42 MP: 10/10
  4428 | D:6      | Gained mutation: You are clumsy. (Dex -2) [mutagenic meat]
  4678 | D:6      | Reached skill level 11 in Staves
  5470 | D:7      | Reached skill level 12 in Staves
  5534 | D:7      | Reached *** piety under Uskayaw
  5535 | D:7      | Reached **** piety under Uskayaw
  5768 | D:8      | Reached skill level 1 in Armour
  5770 | D:8      | Found a staircase to the Lair.
  5781 | D:8      | Noticed an elephant
  5792 | D:8      | Reached XP level 10. HP: 26/47 MP: 5/11
  5794 | D:8      | Reached ***** piety under Uskayaw
  5851 | D:8      | Killed an elephant
  6422 | D:8      | Found a stormy altar of Qazlal.
  6567 | D:8      | Found an ancient bone altar of Kikubaaqudgha.
  6786 | D:9      | Found a shadowy altar of Dithmenos.
  7231 | D:9      | Noticed MDvedh's ghost (journeyman HuBe)
  7957 | D:9      | Reached XP level 11. HP: 53/54 MP: 12/12
  8055 | D:9      | Reached skill level 5 in Fighting
  8202 | D:9      | Identified Sif Muna's Reference Book on Fiery Good Luck
  8312 | D:9      | Reached skill level 5 in Dodging
  8370 | D:10     | Entered Level 10 of the Dungeon
  9053 | Lair:1   | Entered Level 1 of the Lair of Beasts
  9075 | Lair:1   | Reached skill level 5 in Armour
  9298 | Lair:1   | Reached skill level 1 in Invocations
  9418 | Lair:1   | Reached skill level 13 in Staves
  9478 | Lair:1   | Found a labyrinth entrance.
 10520 | Lair:2   | Found a hole to the Spider Nest.
 10555 | Lair:2   | Gained mutation: You heal very quickly. [Vine Stalker growth]
 10555 | Lair:2   | Reached XP level 12. HP: 14/61 MP: 11/15
 11861 | Lair:4   | Reached ****** piety under Uskayaw
 12358 | Lair:4   | Found a staircase to the Swamp.
 12445 | Lair:4   | Noticed a six-headed hydra
 12445 | Lair:4   | Noticed an eight-headed hydra
 12479 | Lair:4   | Killed a six-headed hydra
 12481 | Lair:4   | HP: 3/63 [eight-headed hydra (6)]
 12481 | Lair:4   | Slain by an eight-headed hydra

Skill      XL: |  1  2  3  4  5  6  7  8  9 10 11 12 |
---------------+-------------------------------------+-----
Staves         | 3 4 5 6 7 8 10 12 13 | 13.6
Fighting       | 2 4 6 7 |  7.3
Armour         | 1 4 5 6 |  6.9
Dodging        | 3 4 6 7 |  7.0
Invocations    | 3 4 |  4.9
Throwing       | |  1.7

Action                   |  1- 3 |  4- 6 |  7- 9 | 10-12 || total
-------------------------+-------+-------+-------+-------++-------
Melee: Quarterstaff      |    89 |   163 |   295 |   739 ||  1286
       Bite              |    23 |    44 |   100 |   309 ||   476
       Lajatang          |       |       |       |    99 ||    99
  Use: Scroll            |       |       |    13 |    11 ||    24
       Potion            |       |       |       |     2 ||     2
 Stab: Distracted        |     1 |       |       |       ||     1
       Paralysed         |       |       |     3 |    43 ||    46
  Eat: Chunk             |       |     5 |     6 |     9 ||    20
       Bread ration      |       |       |     1 |     2 ||     3
       Fruit             |       |       |     1 |     1 ||     2
       Royal jelly       |       |       |       |     2 ||     2
Armor: Leather armour    |    31 |    30 |       |       ||    61
       Chain mail        |       |    67 |   126 |   129 ||   322
       Plate armour      |       |       |       |   234 ||   234
Dodge: Dodged            |    54 |    88 |    82 |   305 ||   529
